 Dungeon Crawl Stone Soup version 0.27-a0-1384-g1422d76b99 (webtiles) character file.

Game seed: 2530930221938010013

31175 dickylongcocking the Nimble (level 13, -2/102 HPs)
             Began as a Djinni Wanderer on June 30, 2021.
             Was a High Priest of Makhleb.
             Slain by a blink frog (3 damage)
             ... on level 4 of the Lair of Beasts on July 1, 2021.
             The game lasted 00:27:23 (20013 turns).

dickylongcocking the Nimble (Djinni Wanderer)      Turns: 20013, Time: 00:27:42

Health: -2/102     AC:  9    Str: 10    XL:     13   Next: 94%
Gold:   458        EV: 22    Int: 18    God:    Makhleb [*****.] SH:  5 Dex: 26

rFire    + + .     SeeInvis .   l - staff of earth
rCold    x . .     Faith    .   (no shield)
rNeg     + . .     Spirit   .   i - +0 ring mail
rPois    ∞         Reflect  +   (no helmet)
rElec    +         Harm     .   P - +0 cloak
rCorr    .         Rampage  .   I - +1 pair of gloves {Dex+3}
Will     +....                  (boots unavailable)
Stlth    ++........             s - amulet of Lanlod {Reflect Fly rElec rN+ Dex+8 SH+5}
HPRegen  0.27/turn              (no ring)
MPRegen  0.00/turn              (no ring)

@: flying
A: sickness immunity, fire resistance 2, cold vulnerability 1, float, innate
caster, hp casting, extra vitality 1
a: Renounce Religion, Minor Destruction, Lesser Servant of Makhleb, Major
Destruction, Greater Servant of Makhleb


You were on level 4 of the Lair of Beasts.
You worshipped Makhleb.
Makhleb was extremely pleased with you.
You visited 3 branches of the dungeon, and saw 16 of its levels.
You also visited: Ossuary.

You collected 807 gold pieces.
You spent 349 gold pieces at shops.

Inventory:

Hand Weapons
 a - a +2 shortbow
 o - a +4 scimitar of flaming
 v - the +6 quarterstaff "Ogrebane" {pain, rPois Int+4}
   (You found it on level 8 of the Dungeon)

   In the hands of one skilled in necromantic magic, it inflicts extra damage on
   living creatures.
   Int:       It affects your intelligence (+4).
   rPois:     It protects you from poison.
Missiles
 b - 326 arrows
 j - 440 stones (quivered)
 B - 3 curare-tipped darts
 L - 10 atropa-tipped darts
Armour
 c - a +0 robe
 i - a +0 ring mail (worn)
 I - a +1 pair of gloves of dexterity (worn)
 J - a +2 robe of cold resistance
 P - a +0 cloak (worn)
Magical Staves
 l - a staff of earth (weapon)
 n - a staff of poison
 N - a staff of fire
 R - a staff of death
Jewellery
 g - an amulet of regeneration
 s - the amulet of Lanlod (around neck) {Reflect Fly rElec rN+ Dex+8 SH+5}
   (You found it on level 5 of the Dungeon)

   [amulet of reflection]

   It reflects blocked missile attacks.Dex: It affects your dexterity (+8).
   rElec:     It insulates you from electricity.
   rN:        It protects you from negative energy.
   Fly:       It grants you flight.
   SH:        It affects your SH (+5).
 U - a ring of poison resistance
 W - a +6 ring of strength
Wands
 E - a wand of polymorph (31)
 F - a wand of iceblast (29)
 H - a wand of flame (34)
 Q - a wand of acid (4)
 V - a wand of digging (4)
Scrolls
 h - 4 scrolls of blinking
 k - 2 scrolls of amnesia
 q - 2 scrolls of silence
 t - 5 scrolls of noise
 x - 3 scrolls of vulnerability
 y - 3 scrolls of enchant weapon
 D - a scroll of holy word
 K - 3 scrolls of teleportation
 M - 5 scrolls of identify
 O - a scroll of fog
 S - a scroll of magic mapping
 T - 2 scrolls of enchant armour
Potions
 d - 6 potions of curing
 e - 5 potions of flight
 f - 2 potions of cancellation
 m - a potion of invisibility
 p - a potion of magic
 r - 2 potions of resistance
 u - a potion of ambrosia
 w - 4 potions of brilliance
 z - 4 potions of lignification
 A - 5 potions of heal wounds
 C - 2 potions of mutation
 G - 4 potions of haste


   Skills:
 * Level 12.8 Fighting
 - Level 1.5 Bows
 * Level 4.6 Armour
 - Level 14.6 Dodging
 + Level 2.5 Stealth
 - Level 1.0 Shields
 - Level 12.0 Spellcasting
 + Level 7.5 Evocations


You had 8 spell levels left.
You knew the following spells:

 Your Spells              Type           Power      Damage    Failure   Level
a - Sandblast             Erth           100%       2d20      1%          1
b - Stone Arrow           Conj/Erth      100%       3d13      1%          3
c - Swiftness             Air            53%        N/A       1%          3
d - Shock                 Conj/Air       100%       1d9       1%          1
e - Freeze                Ice            100%       1d11      1%          1
f - Slow                  Hex            53%        N/A       1%          2
g - Teleport Other        Tloc           53%        N/A       1%          3
h - Dispel Undead         Necr           53%        3d19      1%          4
i - Lee's Rapid Deconstr  Erth           34%        3d18*     3%          5
k - Bolt of Magma         Conj/Fire/Erth 34%        4d15      3%          5

Your spell library contained the following spells:

 Spells                   Type           Power      Damage    Failure   Level


Dungeon Overview and Level Annotations

Branches:
Dungeon (11/15)            Temple (1/1) D:6            Lair (4/6) D:8
 Shoals (0/4) Lair:2       Spider (0/4) Lair:3          Orc (0/2) D:11
Ossuary (visited)

Altars:
Ashenzari
Cheibriados
Dithmenos
Elyvilon
Fedhas
Gozag
Hepliaklqana
Kikubaaqudgha
Makhleb
Nemelex Xobeh
Okawaru
Qazlal
Ru
Sif Muna
Trog
Uskayaw
Vehumet
Wu Jian
Xom
Yredelemnul
Zin
The Shining One

Shops:
D:7 *(   D:8 :[(*   D:10 [*

Annotations:
D:7 2 transporters, mordus's ghost, novice DrMo


Innate Abilities, Weirdness & Mutations

You are immune to sickness and miasma.
You are immune to poison.
Your flesh is very heat resistant. (rF++)
You are vulnerable to cold. (rC-)
You float through the air rather than walking.
You learn spells naturally, not from books.
Your magical power is your life essence.
You have superior vitality. (+4 HP)


Message History

Confirm with . or Enter, or press ? or * to list all spells.
Aiming: Bolt of Magma (dangerous; 3% risk of failure)
Press: ? - help, Shift-Dir - straight line, f/p - blink frog
Aim: a blink frog (50% to hit)
You feel a surge of power!
The bolt of magma hits the plant!!!
The plant begins to die.
The plant is moderately damaged.
The bolt of magma hits the blink frog!!!
You kill the blink frog!
Makhleb accepts your kill.
You feel better.
Unknown command.
Casting: Bolt of Magma (dangerous; 3% risk of failure)
Confirm with . or Enter, or press ? or * to list all spells.
Okay, then.
The blink frog blinks!
The blink frog closely misses you.
The blink frog blinks!
Casting: Bolt of Magma (dangerous; 3% risk of failure)
Confirm with . or Enter, or press ? or * to list all spells.
Aiming: Bolt of Magma (dangerous; 3% risk of failure)
Press: ? - help, Shift-Dir - straight line, f - blink frog
Aim: a blink frog (50% to hit)
You feel a surge of power!
The bolt of magma hits the plant!!
The plant is moderately damaged.
The bolt of magma misses the blink frog.
The blink frog blinks!
Unknown command.
A nearby plant withers and dies.
The blink frog blinks! x2; The blink frog hits you!
* * * LOW HITPOINT WARNING * * *
The blink frog blinks!
The blink frog blinks! x2
You miss the blink frog.
The blink frog is severely wounded.
The blink frog hits you.
* * * LOW HITPOINT WARNING * * *
The blink frog blinks!
The blink frog hits you!
* * * LOW HITPOINT WARNING * * *
The blink frog hits you.
You die...

### . ##### #####.### ######
..###P..####....#..###.#.P#P
....<.....F@...F.§..........
..........F.......†.........
.#.#P.#.###......###....†.§.
###..#####...[##.##.#/..?
#P..## #...#### ###....
##...# #§...# .... #..##
#...## .... #.#.# #...# ....
#..## ..... ....


You could see 3 blink frogs.

Vanquished Creatures
  2 hydras
  Erolcha (D:9)
  Erica (D:9)
  A two-headed ogre (D:10)
  3 death yaks (D:8)
  3 skeletal warriors (D:11)
  Pikel (D:9)
  A deep elf pyromancer (D:9)
  2 cyclopes (D:11)
  A wolf spider (Lair:2)
  A centaur zombie (D:11)
  Maurice (D:9)
  Joseph (D:8)
  7 cane toads
  2 rime drakes
  2 kobold demonologists (D:9)
  A tengu conjurer (D:9)
  5 komodo dragons
  3 polar bears
  3 trolls
  2 hornets
  9 blink frogs
  A shadow (D:9)
  3 wyverns
  3 basilisks
  36 yaks
  A wraith (D:10)
  A steam dragon (D:7)
  3 vampire mosquitoes (D:10)
  Edmund (D:4)
  12 water moccasins
  2 black bears
  3 sky beasts
  An orc warrior (D:11)
  7 ice beasts
  2 ogres
  6 centaurs
  6 wolves (Lair:3)
  A phantom (D:6)
  3 kobold brigands
  11 bullfrogs
  2 scorpions (D:7)
  7 wights (D:7)
  5 killer bees (D:9)
  2 electric eels
  4 howler monkeys
  2 hounds
  2 jellies
  A bullfrog skeleton (D:6)
  A centaur skeleton (D:6)
  5 orc priests
  Natasha (thrice) (D:3)
  6 iguanas
  3 orc wizards
  A centaur simulacrum (D:9)
  2 hound skeletons
  12 mummies (Ossuary)
  3 howler monkey zombies (D:9)
  3 gnolls (D:2)
  2 howler monkey skeletons
  22 adders
  A river rat (D:8)
  A white imp (D:5)
  2 worms (D:3)
  4 dart slugs (D:1)
  38 orcs
  A ball python (D:2)
  6 bats
  12 endoplasms
  2 giant cockroaches
  11 goblins
  7 hobgoblins
  7 jackals
  20 kobolds
  5 quokkas
  A frilled lizard (D:3)
  5 gnoll skeletons (Ossuary)
  2 goblin skeletons (Ossuary)
  8 rats
  11 rat skeletons (Ossuary)
  A bush (Lair:2)
389 creatures vanquished.

Vanquished Creatures (collateral kills)
  2 killer bees (D:9)
2 creatures vanquished.

Vanquished Creatures (others)
  A killer bee (D:9)
  A goblin skeleton (Ossuary)
  A butterfly (D:4)
  9 fungi (Lair:2)
  37 plants
49 creatures vanquished.

Grand Total: 440 creatures vanquished

Notes
Turn   | Place    | Note
-------+----------+-------------------------------------------
     0 | D:1      | dickylongcocking the Djinni Wanderer began the quest for
                  | the Orb.
     0 | D:1      | Reached XP level 1. HP: 22/22 MP: 0/0
   392 | D:1      | Reached skill level 1 in Spellcasting
   392 | D:1      | Reached XP level 2. HP: 4/28 MP: 0/0
   992 | D:1      | Reached XP level 3. HP: 21/33 MP: 0/0
   992 | D:1      | Learned a level 1 spell: Freeze
  2074 | D:2      | Found a sparkling altar of Nemelex Xobeh.
  2247 | D:2      | Reached XP level 4. HP: 32/39 MP: 0/0
  3398 | D:3      | Reached XP level 5. HP: 41/43 MP: 0/0
  3398 | D:3      | Learned a level 2 spell: Slow
  3516 | D:3      | Noticed Natasha
  3522 | D:3      | Killed Natasha
  3676 | D:3      | Reached skill level 1 in Armour
  3679 | D:3      | Reached XP level 6. HP: 38/49 MP: 0/0
  3813 | D:3      | Noticed Natasha
  3817 | D:3      | Killed Natasha
  3877 | D:3      | Found a blossoming altar of Fedhas.
  3877 | D:3      | Found a bloodstained altar of Trog.
  4122 | D:3      | Found a basalt altar of Yredelemnul.
  4129 | D:3      | Noticed Natasha
  4132 | D:3      | Killed Natasha
  4523 | D:4      | Found a white marble altar of Elyvilon.
  4537 | D:4      | Reached XP level 7. HP: 53/54 MP: 0/0
  4537 | D:4      | Learned a level 3 spell: Teleport Other
  4791 | D:4      | Identified a scroll of acquirement
  4793 | D:4      | Acquired a manual of Dodging
  4807 | D:4      | Reached skill level 5 in Spellcasting
  5224 | D:4      | Reached skill level 1 in Dodging
  5299 | D:4      | Noticed Edmund
  5345 | D:4      | Killed Edmund
  5346 | D:4      | Reached skill level 2 in Dodging
  5346 | D:4      | Reached XP level 8. HP: 13/59 MP: 0/0
  5884 | D:5      | Entered Level 5 of the Dungeon
  5906 | D:5      | Reached skill level 3 in Dodging
  6093 | D:5      | Identified the amulet of Lanlod {Reflect Fly rElec rN+
                  | Dex+8 SH+5}
  6096 | D:5      | Found a sand-covered staircase.
  6117 | Ossuary  | Entered an ossuary
  6331 | Ossuary  | Acquired a manual of Spellcasting
  6343 | Ossuary  | Reached skill level 4 in Dodging
  6659 | D:5      | Reached skill level 5 in Dodging
  6946 | D:5      | Reached skill level 6 in Dodging
  7763 | D:6      | Found a staircase to the Ecumenical Temple.
  7795 | Temple   | Entered the Ecumenical Temple
  7973 | Temple   | Became a worshipper of Makhleb the Destroyer
  8011 | D:6      | Reached skill level 7 in Dodging
  8011 | D:6      | Reached XP level 9. HP: 53/65 MP: 0/0
  8011 | D:6      | Learned a level 4 spell: Dispel Undead
  8270 | D:6      | Reached skill level 8 in Dodging
  8697 | D:7      | Reached skill level 9 in Dodging
  8929 | D:7      | Noticed mordus's ghost (novice DrMo)
  8931 | D:7      | Noticed a gargoyle
  8937 | D:7      | Found a transporter.
  8946 | D:7      | Found a transporter.
  8977 | D:7      | Reached skill level 10 in Dodging
  9059 | D:7      | Found Gaitidy's Weapon Boutique.
  9061 | D:7      | Found Xoew's General Store.
  9171 | D:7      | Bought a scroll of blinking for 105 gold pieces
  9171 | D:7      | Bought a potion of brilliance for 56 gold pieces
  9385 | D:7      | Noticed a hornet
  9390 | D:7      | Killed a hornet
  9391 | D:7      | Reached skill level 11 in Dodging
  9391 | D:7      | Reached XP level 10. HP: 61/70 MP: 0/0
  9891 | D:7      | Reached * piety under Makhleb
 10475 | D:8      | Found Fatt's Antique Armour Boutique.
 10505 | D:8      | Reached skill level 12 in Dodging
 10505 | D:8      | Reached skill level 10 in Spellcasting
 10835 | D:8      | Noticed a death yak
 10843 | D:8      | Reached skill level 13 in Dodging
 10851 | D:8      | Killed a death yak
 11024 | D:8      | Found Xomnefyeco's Assorted Antiques.
 11070 | D:8      | Found Degi's Book Emporium.
 11313 | D:8      | Found Duehu's Weapon Shop.
 11384 | D:8      | Found an ornate altar of the Wu Jian Council.
 11384 | D:8      | Noticed Joseph
 11388 | D:8      | Killed Joseph
 11388 | D:8      | Reached ** piety under Makhleb
 11389 | D:8      | Reached XP level 11. HP: 56/75 MP: 0/0
 11389 | D:8      | Learned a level 5 spell: Lee's Rapid Deconstruction
 11719 | D:8      | Identified the +6 quarterstaff "Ogrebane" {pain, rPois
                  | Int+4}
 11835 | D:8      | Noticed a death yak
 11845 | D:8      | Killed a death yak
 11845 | D:8      | Noticed a death yak
 11856 | D:8      | Killed a death yak
 11857 | D:8      | Reached skill level 14 in Dodging
 11888 | D:8      | Found a staircase to the Lair.
 12171 | D:9      | Found a glowing golden altar of the Shining One.
 12189 | D:9      | Noticed Erica
 12205 | D:9      | Killed Erica
 12210 | D:9      | Noticed a deep elf pyromancer
 12213 | D:9      | Killed a deep elf pyromancer
 12804 | D:9      | Noticed Pikel
 12826 | D:9      | Your ally died
 12987 | D:9      | Noticed Erolcha
 13113 | D:9      | Killed Erolcha
 13114 | D:9      | Reached XP level 12. HP: 64/84 MP: 0/0
 13374 | D:9      | Identified the +4 trident of Joyful Slaughter {flame,
                  | Int+2}
 13658 | D:9      | Noticed Maurice
 13664 | D:9      | Killed Maurice
 13664 | D:9      | Reached *** piety under Makhleb
 14003 | D:10     | Entered Level 10 of the Dungeon
 14093 | D:10     | Noticed a two-headed ogre
 14108 | D:10     | Killed a two-headed ogre
 14173 | D:10     | Found Otaosh's Antique Armour Shoppe.
 14201 | D:10     | Found Vudizig's Assorted Antiques.
 14206 | D:10     | Bought a smoky coppery potion for 27 gold pieces
 14312 | D:7      | Bought a +0 pair of gloves of dexterity for 161 gold pieces
 14976 | D:11     | Noticed a skeletal warrior
 14976 | D:11     | Noticed a skeletal warrior
 14976 | D:11     | Noticed a skeletal warrior
 15282 | D:11     | Noticed a skeletal warrior
 15290 | D:11     | Killed a skeletal warrior
 15292 | D:11     | Killed a skeletal warrior
 15294 | D:11     | Killed a skeletal warrior
 15763 | D:11     | Reached skill level 10 in Fighting
 15915 | D:11     | Found a staircase to the Orcish Mines.
 16496 | Lair:1   | Entered Level 1 of the Lair of Beasts
 16504 | Lair:1   | Reached skill level 5 in Evocations
 16514 | Lair:1   | Reached XP level 13. HP: 93/97 MP: 0/0
 16514 | Lair:1   | Learned a level 5 spell: Bolt of Magma
 16994 | Lair:1   | You are sucked into a shaft and drop 1 floor!
 17139 | Lair:2   | Reached **** piety under Makhleb
 17140 | Lair:2   | Noticed an eight-headed hydra
 17153 | Lair:2   | Killed an eight-headed hydra
 18336 | Lair:2   | Found a staircase to the Shoals.
 19060 | Lair:3   | Noticed a six-headed hydra
 19081 | Lair:3   | Killed a six-headed hydra
 19354 | Lair:3   | Identified the +2 pair of boots "Gecry" {rF+ Stlth+}
 19481 | Lair:3   | Reached ***** piety under Makhleb
 19608 | Lair:3   | Found a hole to the Spider Nest.
 20013 | Lair:4   | HP: 1/102 [blink frog (15)]
 20013 | Lair:4   | Slain by a blink frog

Illustrated notes

Levels and vault maps discovered:
D:1:      dpeg_arrival_windows_large_door, layout_basic, minmay_unequal
D:2:      layout_basic, basic_altar
D:3:      layout_basic, grunt_temple_overflow_open,
          nicolae_overflow_hidden_temple, uniq_natasha
D:4:      layout_basic, nicolae_elyvilon_peaceful_grove, minmay_distorted,
          uniq_edmund
D:5:      layout_loops_ring, nicolae_ossuary_entry_ruins, hex_tiny
D:6:      layout_basic, minmay_temple_entry_glassed_door,
          kennysheep_big_empty_room
D:7:      layout_basic, nzn_ghost_randoct, nicolae_wooded_promenade
D:8:      layout_basic, nicolae_wu_jian_immortal_techniques, dpeg_lair_monsters,
          enter_bailey_5, serial_shops, shop, shop, nicolae_shop_trees,
          nicolae_shop_waterfront, uniq_joseph
D:9:      layout_basic, overflow_temple_1_default,
          minmay_fractal_squares_gapless_7, uniq_erica, uniq_erolcha,
          uniq_maurice, uniq_pikel
D:10:     layout_basic, serial_shops, nicolae_shop_stone, shop_statue
D:11:     layout_long_grid, kennysheep_donut
Temple:   eino_narrow_crystal_temple
Lair:1:   layout_cave_pods, grunt_forest_small_clearing_treed
Lair:2:   minmay_lair_venomous_thicket, layout_loops_ring,
          elwin_shoals_entry_rooms, st_stairs_6, serial_bayou_pond_b,
          cheibrodos_lair_reptile_den
Lair:3:   layout_misc_corridors, dummy_spider_entry, basic_altar,
          grunt_megastairs_4
Lair:4:   layout_long_grid, lemuel_fruit_tree

Skill      XL: |  1  2  3  4  5  6  7  8  9 10 11 12 13 |
---------------+----------------------------------------+-----
Spellcasting   | 1 2 3 4 5 7 9 11 12 | 12.0
Armour         | 1 2 3 4 |  4.6
Dodging        | 2 7 11 13 14 | 14.6
Fighting       | 6 10 12 | 12.8
Evocations     | 5 7 |  7.5
Stealth        | 2 |  2.5
Bows           | |  1.5
Shields        | |  1.0

Action                   |  1- 3 |  4- 6 |  7- 9 | 10-12 | 13-15 || total
-------------------------+-------+-------+-------+-------+-------++-------
Melee: Staff             |       |     2 |     4 |     3 |     1 ||    10
       Quarterstaff      |       |       |       |     1 |       ||     1
 Cast: Shock             |    77 |     8 |    23 |    32 |     1 ||   141
       Sandblast         |     3 |    68 |    88 |     1 |       ||   160
       Stone Arrow       |       |       |    74 |   166 |    48 ||   288
       Slow              |       |       |     2 |    10 |     4 ||    16
       Lee's Rapid Decon |       |       |       |    47 |       ||    47
       Swiftness         |       |       |       |     1 |       ||     1
       Bolt of Magma     |       |       |       |       |    86 ||    86
Evoke: Wand              |       |       |       |     7 |     2 ||     9
  Use: Scroll            |       |       |     6 |    22 |     1 ||    29
       Potion            |       |       |     1 |       |     1 ||     2
Armor: Robe              |     2 |       |       |       |       ||     2
       Ring mail         |       |     9 |    10 |    13 |    15 ||    47
Dodge: Dodged            |     7 |    20 |    27 |    85 |    63 ||   202
Block: Other             |       |       |     1 |    22 |    23 ||    46
       Reflection        |       |       |     1 |     8 |       ||     9

Table legend: (Time is in decaauts)
 A = Elapsed time spent in this place.
 B = Non-inter-level travel time spent in this place.
 C = Inter-level travel time spent in this place.
 D = Time resting spent in this place.
 E = Time spent auto-exploring this place.
 F = Levels seen in this place.
 G = Mean time per level.
                   A        B        C        D        E       F      G
               +--------+--------+--------+--------+--------+-----+--------+
         Total |  20032 |  19219 |    813 |   1873 |  15152 |  17 | 1178.4 |
       Dungeon |  15834 |  15102 |    732 |   1873 |  11541 |  11 | 1439.5 |
        Temple |    186 |    179 |      7 |      0 |    161 |   1 |  186.0 |
          Lair |   3518 |   3444 |     74 |      0 |   3087 |   4 |  879.5 |
       Ossuary |    493 |    493 |      0 |      0 |    363 |   1 |  493.0 |
               +--------+--------+--------+--------+--------+-----+--------+

Top non-repeatable levels by time:
     D:1: 2102 daAuts
     D:8: 2095 daAuts
  Lair:2: 1929 daAuts
     D:7: 1902 daAuts
     D:9: 1751 daAuts
     D:4: 1563 daAuts
     D:6: 1134 daAuts
     D:3: 1122 daAuts
     D:2: 1106 daAuts
    D:10: 1089 daAuts
    D:11: 991 daAuts
  Lair:3: 976 daAuts
     D:5: 976 daAuts
  Lair:1: 498 daAuts
 Ossuary: 493 daAuts
